 Dungeon Crawl Stone Soup version 0.29.0-4-gdea44cf6ec (webtiles) character file.

Game seed: 8309530338119165919

1218 qw the Cleaver (level 8, -7/43 (47) HPs)
             Began as a Tengu Warper on Aug 28, 2022.
             Mangled by a wight
             ... wielding a +5 great sword
              (8 damage)
             ... on level 6 of the Dungeon.
             The game lasted 00:00:29 (4535 turns).

qw the Cleaver (Tengu Warper)                       Turns: 4535, Time: 00:00:30

HP:   -7/43 (47)    AC: 10    Str: 15    XL:     8   Next: 46%
MP:   12/12         EV:  6    Int: 15    God:
Gold: 49            SH:  9    Dex: 13    Spells: 11/11 levels left

rFire   . . .      SeeInvis +   b - +7 hand axe of Var Yvi {vamp, rPois Int+2 Stlth-}
rCold   . . .      Faith    .   g - +0 kite shield
rNeg    . . .      Spirit   .   q - +0 chain mail
rPois   +          Reflect  .   (helmet restricted)
rElec   .          Harm     .   f - +1 cloak
rCorr   .          Rampage  .   (no gloves)
Will    .....                   (boots unavailable)
Stlth   ..........              (no amulet)
HPRegen 0.14/turn               h - ring of see invisible
MPRegen 0.13/turn               (no ring)

@: flying quickly and evasively, drained, quick
A: beak, talons 3, nimble flight
a: no special abilities


You were on level 6 of the Dungeon.
You visited 1 branch of the dungeon, and saw 6 of its levels.

You collected 225 gold pieces.
You spent 176 gold pieces at shops.


Innate Abilities, Weirdness & Mutations

You have a beak for a mouth.
You have claws for feet.
Your magical nature lets you fly swiftly and evasively.


   Skills:
 - Level 3.6 Fighting
 - Level 8.6 Axes
 - Level 1.0 Throwing
 + Level 2.0 Armour
 - Level 2.1 Dodging
 - Level 5.0 Shields
 - Level 2.0 Spellcasting
 - Level 2.4 Translocations


You had 11 spell levels left.
You didn't know any spells.
Your spell library contained the following spells:

 Spells                   Type           Power      Damage    Failure   Level
 Blink                    Tloc           16%        N/A       100%        2
 Gell's Gravitas          Tloc           8%         N/A       100%        3
 Lesser Beckoning         Tloc           8%         N/A       100%        3
 Teleport Other           Tloc           8%         N/A       100%        3
 Manifold Assault         Tloc           8%         N/A       100%        5

Inventory:

Hand Weapons
 a - a +0 morningstar
 b - the +7 hand axe of Var Yvi (weapon) {vamp, rPois Int+2 Stlth-}
   (You found it on level 3 of the Dungeon)

   It occasionally heals its wielder for a portion of the damage dealt when it
   wounds a living foe.
   Int:       It affects your intelligence (+2).
   rPois:     It protects you from poison.
   Stlth:     It makes you less stealthy.
Armour
 f - a +1 cloak (worn)
 g - a +0 kite shield (worn)
 q - a +0 chain mail (worn)
Jewellery
 h - a ring of see invisible (left hand)
Scrolls
 k - 2 scrolls of identify
 p - 2 scrolls of teleportation
Potions
 e - a potion of might
 l - 2 potions of curing
 m - a potion of heal wounds

Dungeon Overview and Level Annotations

Branches:
Dungeon (6/15)
 Temple: D:4-7

Altars:
Kikubaaqudgha
Wu Jian

Shops:
D:4 *


Message History

Existing waypoints: (1) D:4 (2) D:5 Assign waypoint to what number? (0-9, D - delete waypoint) Waypoint 1 re-assigned from D:4 to D:6.
4526 ||| STAIRDANCE You block the wight's attack.
You fly upwards.
There is a stone staircase leading down here.
You hit the wight. You claw the wight, but do no damage.
You peck the wight, but do no damage.
The wight is moderately damaged.
You block the wight's attack.
You slash the wight! You peck the wight.
You destroy the wight!
Your Shields skill increases to level 5!
Things that are here:
a +2 long sword of freezing; a +0 robe Done exploring.
(D) Dungeon
Where to? (* - list waypoints, Enter - D:6, ? - help)
What level of the Dungeon? (default 1, ? - help)
There is a stone staircase leading down here.
You fly downwards.
You block the wight's attack.
The wight hits you with a +0 morningstar!
The wight hits you with a +0 great sword.
There is a stone staircase leading up, spattered with blood here.
You hit the wight.
The wight is lightly damaged.
You hit the wight. You slash the wight! You block the wight's attack. x2
The wight hits you with a +5 great sword!
You feel drained.
You slash the wight! Your kick misses the wight.
The wight is severely damaged.
You barely miss the wight. You hit the wight.
The wight hits you with a +0 morningstar!
The wight hits you with a +0 great sword!
You feel drained.
The wight hits you with a +5 great sword!
You die...

#####
#...
#..#
#z.#
#@z#
#.z#
#..#
#..:
##.##
.. ##


You could see 3 wights.

Vanquished Creatures
  Grinder (D:5)
  An ice beast (D:5)
  2 ogres (D:4)
  A centaur (D:5)
  A phantom (D:3)
  A bullfrog (D:5)
  2 scorpions (D:4)
  A wight (D:5)
  2 vampire bats (D:4)
  A howler monkey (D:4)
  A hound (D:5)
  A jelly (D:5)
  2 iguanas (D:5)
  4 gnolls (D:5)
  3 adders
  A white imp (D:5)
  An ufetubus (D:5)
  3 dart slugs
  3 orcs
  A bat skeleton (D:4)
  4 bat zombies (D:4)
  4 endoplasms
  10 giant cockroaches
  7 goblins
  4 hobgoblins
  5 jackals
  6 kobolds
  5 quokkas
  11 ball pythons
  2 bats
  7 frilled lizards
  6 rats
104 creatures vanquished.

Notes
Turn   | Place    | Note
-------+----------+-------------------------------------------
     0 | D:1      | qw the Tengu Warper began the quest for the Orb.
     0 | D:1      | Reached XP level 1. HP: 12/12 MP: 4/4
     0 | D:1      | 0 ||| qw: Version: 0.1-a-89-g26bdef1
     0 | D:1      | 0 ||| qw: Game counter: 1752
     0 | D:1      | 0 ||| qw: Always use a shield: true
     0 | D:1      | 0 ||| qw: God list: Okawaru
     0 | D:1      | 0 ||| qw: Allow faded altars: false
     0 | D:1      | 0 ||| qw: Do Orc after D:15 true
     0 | D:1      | 0 ||| qw: Do second Lair branch before Depths: true
     0 | D:1      | 0 ||| qw: Lair rune preference: random
     0 | D:1      | 0 ||| qw: Plans: Normal
     0 | D:1      | 0 ||| PLANNING D:1-11
    18 | D:1      | 18 ||| Stepping ~*~*~tactically~*~*~ (stealth).
   122 | D:1      | Reached skill level 3 in Axes
   122 | D:1      | Reached XP level 2. HP: 15/17 MP: 6/6
   209 | D:1      | Noticed a golden eye
   215 | D:1      | Noticed an eye of devastation
   217 | D:1      | Found a faded altar of an unknown god.
   219 | D:1      | Noticed a shining eye
   219 | D:1      | Noticed a golden eye
   302 | D:1      | 302 ||| SWAPPING to +0 war axe.
   303 | D:1      | 303 ||| DROPPING +0 hand axe.
   597 | D:1      | Reached XP level 3. HP: 20/21 MP: 7/7
   925 | D:1      | 925 ||| UPGRADING to +0 kite shield.
   935 | D:1      | 935 ||| READING scroll labelled LOGALA KIOQO.
   945 | D:1      | 945 ||| DRINKING 2 sedimented emerald potions.
   946 | D:1      | 946 ||| DROPPING scroll of blinking.
   952 | D:1      | 952 ||| DROPPING potion of flight.
   972 | D:2      | 972 ||| STAIRDANCE
   985 | D:2      | Reached skill level 1 in Shields
   988 | D:2      | 988 ||| DROPPING +0 club.
  1126 | D:2      | 1126 ||| Stepping ~*~*~tactically~*~*~ (stealth).
  1128 | D:2      | 1128 ||| Stepping ~*~*~tactically~*~*~ (stealth).
  1235 | D:2      | Reached XP level 4. HP: 25/26 MP: 8/8
  1384 | D:2      | Reached skill level 4 in Axes
  1470 | D:2      | 1470 ||| UPGRADING to +0 ring mail.
  1480 | D:2      | 1480 ||| DROPPING +0 leather armour.
  1481 | D:2      | 1481 ||| UPGRADING to ring of see invisible.
  1482 | D:2      | 1482 ||| DROPPING ring of magical power.
  1483 | D:2      | 1483 ||| READING scroll labelled LEXOESHRAGANK.
  1484 | D:2      | 1484 ||| READING 2 scrolls labelled BEUJEH HOATE.
  1485 | D:2      | 1485 ||| READING scroll labelled ZUL QAXOBU.
  1486 | D:2      | 1486 ||| DRINKING 2 cyan potions.
  1487 | D:2      | 1487 ||| DRINKING 2 red potions.
  1488 | D:2      | 1488 ||| DROPPING potion of magic.
  1532 | D:3      | Identified the +7 hand axe of Var Yvi {vamp, rPois Int+2
                  | Stlth-}
  1534 | D:3      | 1534 ||| SWAPPING to +7 hand axe of Var Yvi {vamp, rPois
                  | Int+2 Stlth-}.
  1535 | D:3      | 1535 ||| DROPPING +0 war axe.
  1667 | D:3      | Noticed a phantom
  1674 | D:3      | Killed a phantom
  1675 | D:3      | Reached skill level 3 in Shields
  1675 | D:3      | Gained mutation: Your magical nature lets you fly swiftly
                  | and evasively. [Tengu growth]
  1675 | D:3      | Reached XP level 5. HP: 23/30 MP: 9/9
  1785 | D:3      | 1785 ||| Stepping ~*~*~tactically~*~*~ (hiding).
  1969 | D:3      | 1969 ||| READING scroll labelled ROCIEKH FAKUB.
  2070 | D:3      | 2070 ||| READING scroll labelled REPHUS FAZA.
  2142 | D:4      | 2142 ||| Stepping ~*~*~tactically~*~*~ (hiding).
  2335 | D:4      | Reached skill level 5 in Axes
  2335 | D:4      | Reached XP level 6. HP: 34/35 MP: 10/10
  2411 | D:4      | Reached skill level 6 in Axes
  2726 | D:4      | Reached XP level 7. HP: 40/40 MP: 11/11
  3017 | D:4      | Found Pitsoot's General Store.
  3026 | D:4      | 3026 ||| BUYING +0 scale mail of willpower (121 gold).
  3026 | D:4      | Bought a +0 scale mail of willpower for 121 gold pieces
  3026 | D:4      | 3026 ||| SHOPLISTING +1 plate armour of fire resistance
                  | (385 gold, have 65).
  3026 | D:4      | 3026 ||| BUYING scroll of identify (22 gold).
  3026 | D:4      | Bought a scroll of identify for 22 gold pieces
  3026 | D:4      | 3026 ||| BUYING scroll of teleportation (33 gold).
  3026 | D:4      | Bought a scroll of teleportation for 33 gold pieces
  3026 | D:4      | 3026 ||| SHOPLISTING scroll of teleportation (33 gold, have
                  | 10).
  3172 | D:4      | Found an ancient bone altar of Kikubaaqudgha.
  3182 | D:4      | Reached skill level 7 in Axes
  3366 | D:4      | 3366 ||| UPGRADING to +0 scale mail of willpower.
  3376 | D:4      | 3376 ||| DROPPING +0 ring mail.
  3377 | D:4      | 3377 ||| UPGRADING to +0 chain mail.
  3387 | D:4      | 3387 ||| DROPPING +0 scale mail of willpower.
  3388 | D:4      | 3388 ||| READING scroll labelled DAOFFU VAMOCZE.
  3389 | D:4      | 3389 ||| READING 4 scrolls of identify.
  3389 | D:4      | 3389 ||| IDENTIFYING purple potion
  3390 | D:4      | 3390 ||| READING 3 scrolls of identify.
  3390 | D:4      | 3390 ||| IDENTIFYING blue potion
  3391 | D:4      | 3391 ||| READING 2 scrolls of identify.
  3391 | D:4      | 3391 ||| IDENTIFYING coppery potion
  3392 | D:4      | 3392 ||| DROPPING potion of lignification.
  3393 | D:4      | 3393 ||| DROPPING potion of attraction.
  3433 | D:5      | Entered Level 5 of the Dungeon
  3442 | D:5      | 3442 ||| DROPPING +0 whip.
  3507 | D:5      | 3507 ||| Stepping ~*~*~tactically~*~*~ (hiding).
  3520 | D:5      | 3520 ||| Stepping ~*~*~tactically~*~*~ (stealth).
  3688 | D:5      | Reached skill level 3 in Fighting
  3845 | D:5      | 3845 ||| Stepping ~*~*~tactically~*~*~ (hiding).
  3854 | D:5      | 3854 ||| Stepping ~*~*~tactically~*~*~ (hiding).
  3856 | D:5      | 3856 ||| Stepping ~*~*~tactically~*~*~ (stealth).
  3862 | D:5      | Reached XP level 8. HP: 44/47 MP: 12/12
  3973 | D:5      | Noticed Grinder
  3990 | D:5      | Killed Grinder
  3991 | D:5      | Reached skill level 8 in Axes
  4065 | D:5      | 4065 ||| Stepping ~*~*~tactically~*~*~ (hiding).
  4197 | D:5      | Found an ornate altar of the Wu Jian Council.
  4495 | D:5      | 4495 ||| UPGRADING to +0 cloak.
  4500 | D:5      | 4500 ||| READING scroll of enchant armour.
  4500 | D:5      | 4500 ||| ENCHANTING +0 cloak.
  4501 | D:5      | 4501 ||| READING scroll labelled KUFEHI RERPH.
  4502 | D:5      | 4502 ||| READING 5 scrolls of identify.
  4502 | D:5      | 4502 ||| IDENTIFYING grey potion
  4503 | D:5      | 4503 ||| READING 4 scrolls of identify.
  4503 | D:5      | 4503 ||| IDENTIFYING fuming coppery potion
  4504 | D:5      | 4504 ||| READING 3 scrolls of identify.
  4504 | D:5      | 4504 ||| IDENTIFYING amethyst potion
  4505 | D:5      | 4505 ||| DROPPING potion of brilliance.
  4506 | D:5      | 4506 ||| DROPPING potion of degeneration.
  4526 | D:6      | 4526 ||| STAIRDANCE
  4535 | D:6      | HP: 10/45 [wight/+0 morningstar (12)]
  4535 | D:6      | HP: 3/45 [wight/+0 great sword (7)]
  4535 | D:6      | HP: 1/43 [wight/+0 great sword (2)]
  4535 | D:6      | Mangled by a wight

Levels and vault maps discovered:
D:1:      lightli_molten_gateway, layout_basic,
          hellmonk_ecumenical_altar_watching_god, minmay_misc_feat_tiny,
          minmay_worlds_worst_comb
D:2:      layout_rooms
D:3:      layout_rooms, corexii_item_surrounded_by_moat
D:4:      layout_basic, kennysheep_vampire_church, serial_shops, shop
D:5:      layout_loops_ring, general_overflow_altar, uniq_grinder
D:6:      layout_loops_corners, lemuel_mausoleum_altar_yredelemnul,
          elyvilon_altar_5, mainiacjoe_overflow_concentric_impassable,
          minmay_temple_entry_proselytizer, corexii_item_surrounded_by_moat,
          nicolae_shop_overcharged_wands

Skill      XL: |  1  2  3  4  5  6  7  8 |
---------------+-------------------------+-----
Axes           | 3 4 5 6 7 8 |  8.6
Shields        | 1 3 4 5 |  5.0
Armour         | 2 |  2.0
Fighting       | 3 |  3.6
Throwing       | |  1.0
Dodging        | |  2.1
Spellcasting   | |  2.0
Translocations | |  2.4

Action                   |  1- 3 |  4- 6 |  7- 9 || total
-------------------------+-------+-------+-------++-------
Melee: Hand axe          |    23 |    55 |    91 ||   169
       Peck              |     7 |     9 |    18 ||    34
       Kick              |    16 |    16 |    22 ||    54
       Punch             |     1 |       |       ||     1
       War axe           |    56 |    15 |       ||    71
Throw: Boomerang         |     7 |     5 |       ||    12
  Use: Scroll            |     1 |     5 |     9 ||    15
       Potion            |     1 |     2 |       ||     3
Armor: Leather armour    |    11 |     7 |       ||    18
       Ring mail         |       |     5 |    12 ||    17
       Chain mail        |       |       |    18 ||    18
Dodge: Dodged            |    41 |    18 |    31 ||    90
Block: Kite shield       |     4 |    18 |    45 ||    67

Table legend:
 A = Non-vault XP
 B = Vault XP
 C = Vault XP percentage of total XP
 D = Non-vault monster count
 E = Vault monster count
 F = Vault count percentage of total count
                 A         B        C        D         E       F
            +---------+---------+-------+---------+---------+-------
      Total |    1341 |     399 |  22.9 |      90 |      14 |  13.5
            +---------+---------+-------+---------+---------+-------
        D:1 |      34 |      12 |  26.1 |      22 |       6 |  21.4
        D:2 |      47 |       0 |   0.0 |      22 |       0 |   0.0
        D:3 |     131 |       0 |   0.0 |      16 |       0 |   0.0
        D:4 |     486 |     120 |  19.8 |      14 |       7 |  33.3
        D:5 |     643 |     267 |  29.3 |      16 |       1 |   5.9
            +---------+---------+-------+---------+---------+-------
